 Seeded DCSS version 0.30.1-11-g7821555f0a (webtiles) character file.

Game seed: 6351066067085065685 (custom seed)

12649 Esekla the Thaumaturge (level 11, -2/61 HPs)
             Began as a Deep Elf Wanderer on Nov 23, 2023.
             Was a High Priest of Vehumet.
             Killed from afar by a rime drake (33 damage)
             ... with an icy flash freeze
             ... on level 11 of the Dungeon.
             The game lasted 02:00:26 (10908 turns).

Esekla the Thaumaturge (Deep Elf Wanderer)         Turns: 10908, Time: 02:00:27

Health: -2/61      AC:  9    Str: 11    XL:     11   Next: 65%
Magic:  18/40      EV: 14    Int: 23    God:    Vehumet [*****.]
Gold:   736        SH:  4    Dex: 14    Spells: 18/39 levels left

rFire   . . .        s - +5 rapier of the Hero {heavy, rN+ Dex+3}
rCold   . . .        d - +0 buckler
rNeg    + . .        N - +0 steam dragon scales
rPois   .            K - +1 helmet
rElec   .            C - +0 cloak
rCorr   .            k - +0 pair of gloves
SInv    .            (no boots)
Will    +....        w - amulet of magic regeneration
Stlth   ++           H - ring of magical power
HPRegen 0.30/turn    (no ring)
MPRegen 0.67/turn

%: no passive effects
@: very slightly contaminated, studying Fighting
A: no striking features
a: Renounce Religion


You were on level 11 of the Dungeon.
You worshipped Vehumet.
Vehumet was extremely pleased with you.
You visited 2 branches of the dungeon, and saw 12 of its levels.
You also visited: Bailey.

You collected 736 gold pieces.

Inventory:

Hand Weapons
 a - a +2 vampiric dagger
 c - a +5 scimitar
 g - a +4 trident of venom
 r - a +0 hand axe
 s - the +5 rapier of the Hero (weapon) {heavy, rN+ Dex+3}
   (You found it on level 3 of the Dungeon)

   Dex:       It affects your dexterity (+3).
   rN:        It protects you from negative energy.
 v - a +2 rapier of venom
Missiles
 p - 5 curare-tipped darts
 x - 50 poisoned darts (quivered)
 J - 5 boomerangs
Armour
 d - a +0 buckler (worn)
 k - a +0 pair of gloves (worn)
 C - a +0 cloak (worn)
 K - a +1 helmet (worn)
 N - +0 steam dragon scales (worn)
Magical Staves
 f - a staff of fire
Jewellery
 w - an amulet of magic regeneration (around neck)
 H - a ring of magical power (left hand)
 P - an amulet of reflection
 R - a ring of ice
Wands
 i - a wand of roots (15)
 A - a wand of flame (12)
 E - a wand of mindburst (4)
 O - a wand of charming (6)
 T - a wand of digging (9)
Scrolls
 n - a scroll of enchant armour
 o - 5 scrolls of blinking {unknown}
 q - 2 scrolls of amnesia
 t - 2 scrolls of silence
 y - 2 scrolls of fog
 z - 4 scrolls of enchant weapon
 B - 2 scrolls of fear
 D - 2 scrolls of poison
 F - a scroll of teleportation
 I - a scroll of magic mapping
 M - 2 scrolls of acquirement
Potions
 b - 3 potions of lignification
 e - 2 potions of ambrosia
 h - 2 potions of heal wounds
 j - 7 potions of curing
 l - a potion of cancellation {unknown}
 m - a potion of mutation
 u - 2 potions of brilliance
 G - 2 potions of haste
 L - 5 potions of attraction
 Q - a potion of degeneration {unknown}
 S - a potion of magic {unknown}


   Skills:
 * Level 4.0 Fighting
 + Level 3.0 Short Blades
 + Level 2.2 Throwing
 * Level 7.4 Dodging
 + Level 3.1 Stealth
 + Level 2.2 Shields
 * Level 14.8 Spellcasting
 * Level 4.8 Conjurations
 * Level 7.8 Necromancy
 + Level 5.1 Translocations
 + Level 0.8 Transmutations
 * Level 5.1 Fire Magic
 * Level 2.8 Ice Magic
 * Level 5.4 Air Magic
 + Level 2.4 Poison Magic
 + Level 1.0 Invocations
 + Level 0.5 Evocations


You had 18 spell levels left.
You knew the following spells:

 Your Spells              Type           Power      Damage    Failure   Level
a - Magic Dart            Conj           100%       1d8       1%          1
b - Blink                 Tloc           80%        N/A       1%          2
d - Vampiric Draining     Necr           52%        2d9       1%          3
e - Static Discharge      Conj/Air       80%        2-6/arc   1%          2
n - Ignite Poison         Fire/Tmut/Pois 29%        N/A       1%          3
o - Scorch                Fire           80%        2d8       1%          2
p - Apportation           Tloc           80%        N/A       1%          1
r - Frozen Ramparts       Ice            60%        1d10      1%          3
y - Sticky Flame          Conj/Fire      40%        2d6       1%          4

Your spell library contained the following spells:

 Spells                   Type           Power      Damage    Failure   Level
 Arcjolt                  Conj/Air       20%        1d30      4%          5
 Lesser Beckoning         Tloc           80%        N/A       1%          2
 Gell's Gravitas          Tloc           40%        N/A       1%          3
 Hailstorm                Conj/Ice       34%        3d9       1%          3
 Teleport Other           Tloc           40%        N/A       1%          3
 Spider Form              Tmut/Pois      24%        N/A       8%          3
 Cause Fear               Hex            8%         N/A       43%         4
 Summon Mana Viper        Hex/Summ       17%        N/A       80%         5


Dungeon Overview and Level Annotations

Branches:
Dungeon (11/15)            Temple (0/1) D:6             Orc (1/2) D:10
 Bailey (visited)
   Lair: D:8-11

Altars:
Dithmenos
Fedhas
Hepliaklqana
Nemelex Xobeh
Okawaru
Qazlal
Ru
Trog
Uskayaw
Vehumet
Zin
The Shining One

Shops:
D:2 =   D:4 (

Annotations:
D:9 Harold
D:11 Lodul


Message History

Aim: a wolf (almost dead)
You draw life force from the wolf!
You kill the wolf!
Vehumet accepts your kill.
You feel your power returning.
You feel life coursing into your body. The wolf bites you!
The wolf closely misses you. x3; The rime drake bites you.
Casting: Vampiric Draining (safe; 1% risk of failure)
Confirm with . or Enter, or press ? or * to list all spells.
Aiming: Sticky Flame (dangerous; 1% risk of failure)
Press: ? - help, Shift-Dir - straight line, f - rime drake
Aim: a rime drake The sticky flame hits the rime drake.
The rime drake is lightly wounded.
The rime drake is covered in liquid flames!
The rime drake burns!
The wolf closely misses you. The wolf misses you.
The wolf bites you but does no damage. The wolf misses you.
The rime drake completely misses you.
Casting: Sticky Flame (dangerous; 1% risk of failure)
Confirm with . or Enter, or press ? or * to list all spells.
You blink.
A wolf and a yak come into view.
The rime drake burns!
The yak bellows!
You hear a shout!
The rime drake burns! 2 gnolls come into view.
A gnoll is wielding a +2 spear of venom.
You feel stable enough to blink again.
The wolf howls!
The gnoll shouts! x2; You hear a shout!
The rime drake burns!
A gnoll sergeant comes into view. It is wielding a +0 spear of venom.
A troll comes into view.
A centaur warrior simulacrum comes into view.
An orc wizard comes into view. It is wielding a +0 dagger.
The wolf closely misses you.
An earth elemental comes into view.
The rime drake burns!
The rime drake breathes ice at you. The icy flash freeze hits you!!
Ouch! That really hurt!
You die...

####.†....#.
##..#........
##...#......#. .
#.....Yk...## ..
#...........#.#.
#.....#....#....
#......h........
#......h........
#.......@.......
.................
#.###..Yh.........
. #.....##.#####.
T....... .#
Z...g... .g
8.....g .o# .....
..E


You could see an earth elemental (wandering), a yak, a rime drake (burning,
catching breath), an ice beast, 3 wolves, an orc wizard (wandering) and 2
gnolls.

Vanquished Creatures
  2 two-headed ogres
  Pikel (D:6)
  2 orc knights (Bailey)
  2 cyclopes (D:9)
  Joseph (D:7)
  A polar bear (D:11)
  2 trolls (D:10)
  3 centaur simulacra (D:11)
  8 yaks (D:10)
  2 steam dragons
  3 wyverns
  Menkaure (D:7)
  5 ice beasts
  A sky beast (D:6)
  11 orc warriors
  A black bear (D:6)
  2 ogres
  2 centaurs
  4 wolves (D:11)
  A phantom (D:7)
  Blork the orc (D:6)
  4 kobold brigands
  3 gnoll sergeants
  2 bullfrogs
  2 scorpions (D:5)
  10 wights
  18 killer bees
  2 howler monkeys (D:10)
  2 quasits (D:8)
  2 gnoll boudas
  5 hounds
  A jelly (D:6)
  Crazy Yiuf (D:7)
  7 orc priests
  5 iguanas
  A sleepcap (D:5)
  10 orc wizards
  27 gnolls
  9 adders
  3 shadow imps (D:8)
  9 white imps
  4 ufetubi
  A worm (D:4)
  3 dart slugs
  56 orcs
  4 endoplasms
  9 goblins
  7 hobgoblins
  A quokka (D:1)
  6 ball pythons
  4 bats
  4 frilled lizards
  21 kobolds
  A rat (D:2)
300 creatures vanquished.

Notes
Turn   | Place    | Note
-------+----------+-------------------------------------------
     0 | D:1      | Esekla the Deep Elf Wanderer began the quest for the Orb.
     0 | D:1      | Esekla set off with the following items: a +0 club, a
                  | potion of lignification, a +0 robe, a +0 buckler; and the
                  | following spells available to memorise: Apportation, Blink,
                  | Lesser Beckoning, Magic Dart, Ignite Poison, Vampiric
                  | Draining.
     0 | D:1      | Reached XP level 1. HP: 10/10 MP: 7/7
     2 | D:1      | Learned a level 1 spell: Magic Dart
     4 | D:1      | Learned a level 1 spell: Apportation
   259 | D:2      | Found Renulab's Jewellery Shop.
   486 | D:4      | Found a radiant altar of Vehumet.
   494 | D:4      | Found an iron altar of Okawaru.
   505 | D:4      | Found a glowing silver altar of Zin.
   677 | D:4      | Became a worshipper of Vehumet
   828 | D:3      | Reached skill level 5 in Spellcasting
   934 | D:2      | Reached XP level 2. HP: 15/15 MP: 5/10
   937 | D:2      | Learned a level 2 spell: Blink
   948 | D:2      | Reached skill level 1 in Conjurations
  1091 | D:2      | Noticed a black bear
  1244 | D:2      | Reached XP level 3. HP: 19/19 MP: 6/11
  1248 | D:2      | Learned a level 3 spell: Ignite Poison
  1252 | D:2      | Learned a level 3 spell: Vampiric Draining
  1340 | D:3      | Identified the +5 rapier of the Hero {heavy, rN+ Dex+3}
  1598 | D:4      | Found Ponaysk's Antique Weapon Boutique.
  1700 | D:5      | Entered Level 5 of the Dungeon
  1708 | D:5      | Got the Parchment of the Lumpy Olives
  1738 | D:5      | Found a shadowy altar of Dithmenos.
  1851 | D:5      | Reached skill level 1 in Dodging
  1851 | D:5      | Reached XP level 4. HP: 23/24 MP: 13/13
  1860 | D:5      | Reached skill level 6 in Spellcasting
  1966 | D:5      | Noticed an ogre
  1970 | D:5      | Reached XP level 5. HP: 21/28 MP: 16/16
  1991 | D:5      | Reached skill level 1 in Necromancy
  2229 | D:3      | Found a stormy altar of Qazlal.
  2272 | D:3      | Found a bloodstained altar of Trog.
  2275 | D:3      | Found a hazy altar of Hepliaklqana.
  2422 | D:1      | Reached * piety under Vehumet
  2422 | D:1      | Offered knowledge of Shock by Vehumet.
  2849 | D:2      | Reached skill level 7 in Spellcasting
  2849 | D:2      | Reached XP level 6. HP: 32/32 MP: 18/18
  2862 | D:2      | Found a faded altar of an unknown god.
  2917 | D:2      | Reached skill level 1 in Short Blades
  3154 | D:4      | Found a glowing golden altar of the Shining One.
  3304 | D:4      | Reached skill level 8 in Spellcasting
  3599 | D:5      | Offered knowledge of Static Discharge by Vehumet.
  3640 | D:5      | Learned a level 2 spell: Static Discharge
  3685 | D:5      | Reached XP level 7. HP: 16/36 MP: 18/20
  3705 | D:5      | Reached ** piety under Vehumet
  4248 | D:6      | Reached skill level 1 in Air Magic
  4251 | D:6      | Noticed Blork the orc
  4265 | D:6      | Killed Blork the orc
  4344 | D:6      | Reached skill level 9 in Spellcasting
  4394 | D:7      | Found a runed translucent door.
  4395 | D:7      | Noticed Crazy Yiuf
  4403 | D:7      | Killed Crazy Yiuf
  4655 | D:7      | Noticed a wyvern
  4658 | D:7      | Killed a wyvern
  4659 | D:7      | Reached skill level 1 in Throwing
  4659 | D:7      | Reached XP level 8. HP: 41/41 MP: 23/23
  4690 | D:7      | Noticed Menkaure
  4695 | D:7      | Killed Menkaure
  5158 | D:7      | Noticed Joseph
  5177 | D:6      | Reached skill level 10 in Spellcasting
  5545 | D:6      | Offered knowledge of Scorch by Vehumet.
  5559 | D:6      | Learned a level 2 spell: Scorch
  5564 | D:6      | Found a blossoming altar of Fedhas.
  5709 | D:6      | Found a staircase to the Ecumenical Temple.
  6236 | D:6      | Noticed Pikel
  6242 | D:6      | Killed Pikel
  6243 | D:6      | Reached skill level 11 in Spellcasting
  6243 | D:6      | Reached skill level 5 in Necromancy
  6243 | D:6      | Reached skill level 1 in Fire Magic
  6243 | D:6      | Reached XP level 9. HP: 33/45 MP: 14/26
  6431 | D:8      | Reached *** piety under Vehumet
  6440 | D:8      | Reached skill level 5 in Dodging
  6724 | D:8      | Found a transporter.
  6725 | D:8      | Found a transporter.
  6726 | D:8      | Found a transporter.
  6752 | D:8      | Found a transporter.
  6789 | D:8      | Noticed a two-headed ogre
  6944 | D:8      | Found a hide-covered altar of Uskayaw.
  7076 | D:8      | Offered knowledge of Sticky Flame by Vehumet.
  7269 | D:8      | Killed a two-headed ogre
  7270 | D:8      | Reached skill level 12 in Spellcasting
  7270 | D:8      | Reached skill level 1 in Poison Magic
  7464 | D:6      | Learned a level 4 spell: Sticky Flame
  7492 | D:7      | Killed Joseph
  7493 | D:7      | Reached XP level 10. HP: 50/50 MP: 28/28
  7529 | D:7      | Reached **** piety under Vehumet
  7726 | D:9      | Found a flagged portal.
  7756 | Bailey   | Entered a bailey
  7820 | Bailey   | Offered knowledge of Frozen Ramparts by Vehumet.
  7829 | Bailey   | Learned a level 3 spell: Frozen Ramparts
  7893 | Bailey   | Identified the +2 bardiche of Puhoisos {heavy, rElec
                  | Stlth+}
  8082 | Bailey   | Noticed an orc knight
  8082 | Bailey   | Noticed an orc knight
  8352 | Bailey   | Killed an orc knight
  8403 | Bailey   | Killed an orc knight
  8404 | Bailey   | Reached skill level 13 in Spellcasting
  8404 | Bailey   | Reached skill level 1 in Ice Magic
  8752 | D:9      | Reached skill level 1 in Fighting
  8860 | D:9      | Noticed a two-headed ogre
  8866 | D:9      | Killed a two-headed ogre
  8956 | D:9      | Noticed Harold
  9005 | D:9      | Found a sparkling altar of Nemelex Xobeh.
  9065 | D:9      | Noticed a cyclops
  9078 | D:9      | Killed a cyclops
  9168 | D:9      | Reached skill level 5 in Translocations
  9174 | D:9      | Reached XP level 11. HP: 47/57 MP: 30/30
  9290 | D:10     | Entered Level 10 of the Dungeon
  9322 | D:10     | Found a staircase to the Orcish Mines.
  9332 | Orc:1    | Entered Level 1 of the Orcish Mines
  9337 | Orc:1    | Noticed an orc knight
  9618 | D:9      | Reached skill level 14 in Spellcasting
 10159 | D:10     | Reached skill level 5 in Air Magic
 10179 | D:10     | Reached ***** piety under Vehumet
 10210 | D:10     | Offered knowledge of Arcjolt by Vehumet.
 10516 | D:10     | Found a sacrificial altar of Ru.
 10839 | D:11     | Got Simple Magic
 10854 | D:11     | Reached skill level 5 in Fire Magic
 10885 | D:11     | Noticed Lodul
 10908 | D:11     | Killed from afar by a rime drake

Illustrated notes

Levels and vault maps discovered:
D:1:      sevenhm_arrival_forest_fort_small_3, layout_rooms,
          chequers_serial_rivers_room_b, minmay_misc_feat_five
D:2:      layout_loops_ring, dreamdust_ecumenical_altar_angels_and_demons,
          serial_shops, shop
D:3:      layout_basic, grunt_temple_overflow_open, minmay_misc_feat_iff
D:4:      layout_basic, nicolae_overflow_quartered_altars, serial_shops,
          nicolae_diamond_shop
D:5:      layout_loops_ring, lemuel_doored_altar, minmay_misc_feat_rows,
          dreamdust_wishing_well
D:6:      layout_loops_cross, fedhas_altar_fruit_tree,
          minmay_temple_entry_glass, uniq_pikel, uniq_blork_the_orc
D:7:      layout_basic, uniq_menkaure, uniq_joseph, uniq_crazy_yiuf_cottage
D:8:      layout_basic, nicolae_uskayaw_dance_hall, serial_demonic,
          serial_demonic_d, serial_demonic_a, serial_demonic_c,
          serial_demonic_c, nicolae_diode_quadrants
D:9:      layout_irregular_city, kennysheep_little_box, enter_bailey_4,
          minmay_between, uniq_harold
D:10:     layout_basic, nicolae_ru_awakened_eye
D:11:     layout_rooms, hellmonk_lair_entry_icy, serial_ice, serial_ice_j,
          serial_ice_m, serial_ice_o, serial_ice_c, serial_ice_g, serial_ice_f,
          guppyfry_shop_earth, uniq_psyche, uniq_lodul
Orc:1:    layout_caves

Skill      XL: |  1  2  3  4  5  6  7  8  9 10 11 |
---------------+----------------------------------+-----
Spellcasting   | 5 6 7 8 9 11 12 13 14 | 14.8
Conjurations   | 1 2 3 4 |  4.8
Dodging        | 1 2 3 4 5 6 7 |  7.4
Necromancy     | 2 3 4 5 6 7 |  7.8
Short Blades   | 1 2 3 |  3.0
Translocations | 3 4 5 |  5.1
Air Magic      | 2 3 4 5 |  5.4
Throwing       | 1 2 |  2.2
Stealth        | 2 3 |  3.1
Fire Magic     | 1 3 4 5 |  5.1
Poison Magic   | 1 2 |  2.4
Shields        | 2 |  2.2
Ice Magic      | 1 2 |  2.8
Fighting       | 2 4 |  4.0
Transmutations | |  0.8
Invocations    | |  1.0
Evocations     | |  0.5

Action                     |  1- 3 |  4- 6 |  7- 9 | 10-12 || total
---------------------------+-------+-------+-------+-------++-------
  Melee: Short sword       |    27 |       |       |       ||    27
         Rapier            |     8 |    70 |    83 |    60 ||   221
         Dagger            |       |       |     8 |    12 ||    20
         Scimitar          |       |       |       |     2 ||     2
  Throw: Dart              |       |     4 |    29 |    92 ||   125
   Cast: Apportation       |    40 |    18 |    33 |    78 ||   169
         Magic Dart        |    35 |    69 |    57 |    16 ||   177
         Vampiric Draining |     1 |    14 |    62 |    76 ||   153
         Blink             |       |     4 |     7 |    17 ||    28
         Ignite Poison     |       |     2 |     3 |    15 ||    20
         Scorch            |       |       |    41 |    59 ||   100
         Frozen Ramparts   |       |       |       |    30 ||    30
         Sticky Flame      |       |       |       |     7 ||     7
  Evoke: Wand              |       |       |     2 |    14 ||    16
    Use: Potion            |     1 |     1 |     3 |     2 ||     7
         Scroll            |     1 |     1 |    10 |     6 ||    18
   Stab: Sleeping          |     3 |     2 |     4 |     3 ||    12
         Distracted        |       |     1 |       |       ||     1
 Armour: Robe              |    22 |    25 |    34 |    23 ||   104
         Steam dragon scal |       |       |       |    42 ||    42
  Dodge: Dodged            |    30 |    70 |   105 |   188 ||   393
  Block: Buckler           |     9 |    20 |    22 |    66 ||   117
